 Dungeon Crawl Stone Soup version 0.28.0-45-g0d030f2227 (webtiles) character file.

Game seed: 8484565612643688745

140 101zpm the Magician (level 5, 0/35 HPs)
             Began as a Djinni Ice Elementalist on Apr 10, 2022.
             Slain by a killer bee zombie (6 damage)
             ... in an ossuary.
             The game lasted 00:09:56 (2002 turns).

101zpm the Magician (Djinni Ice Elementalist)       Turns: 2002, Time: 00:09:57

Health: 0/35       AC:  4    Str:  7    XL:     5   Next: 46%
Gold:   49         EV: 12    Int: 18    God:
                   SH:  0    Dex: 18

rFire   + + +      SeeInvis .   (no weapon)
rCold   x . .      Faith    .   (no shield)
rNeg    . . .      Spirit   .   g - +0 leather armour "Iteoc" {rF+ Dex+4 Stlth+}
rPois   ∞          Reflect  .   (no helmet)
rElec   .          Harm     .   (no cloak)
rCorr   .          Rampage  .   b - +0 pair of gloves
Will    .....                   (boots unavailable)
Stlth   +++.......              (no amulet)
HPRegen 0.11/turn               (no ring)
MPRegen 0.00/turn               (no ring)

@: flying
A: sickness immunity, fire resistance 2, cold vulnerability 1, float, innate
caster, HP casting, extra vitality 1
a: no special abilities


You were in an ossuary.
You visited 1 branch of the dungeon, and saw 4 of its levels.
You also visited: Ossuary.

You collected 49 gold pieces.

Inventory:

Hand Weapons
 k - a +2 mace of protection
Armour
 a - a +0 robe
 b - a +0 pair of gloves (worn)
 g - the +0 leather armour "Iteoc" (worn) {rF+ Dex+4 Stlth+}
   (You found it on level 2 of the Dungeon)

   Dex:       It affects your dexterity (+4).
   rF:        It protects you from fire.
   Stlth:     It makes you more stealthy.
Scrolls
 d - a scroll of torment {unknown}
 h - a scroll of blinking
 i - a scroll of identify {unknown}
 j - a scroll of noise {unknown}
Potions
 c - a potion of resistance {unknown}
 e - 3 potions of curing {unknown}
 f - a potion of heal wounds {unknown}


   Skills:
 + Level 0.9 Armour
 + Level 2.9 Dodging
 + Level 1.6 Stealth
 + Level 4.6 Spellcasting


You couldn't memorise any spells.
You knew the following spells:

 Your Spells              Type           Power      Damage    Failure   Level
a - Freeze                Ice            84%        1d10      3%          1
b - Frozen Ramparts       Ice            42%        1d6       9%          3
c - Ozocubu's Armour      Ice            21%        N/A       9%          3
d - Hailstorm             Conj/Ice       21%        3d6       28%         4
e - Shock                 Conj/Air       84%        1d8       3%          1
f - Poisonous Vapours     Pois/Air       42%        N/A       4%          2
Your spell library was empty.

Dungeon Overview and Level Annotations

Branches:
Dungeon (4/15)            Ossuary (1/1)
 Temple: D:4-7

Altars:

Annotations:
D:2 Terence


Innate Abilities, Weirdness & Mutations

You are immune to sickness and miasma.
You are immune to poison.
Your flesh is very heat resistant. (rF++)
You are vulnerable to cold. (rC-)
You float through the air rather than walking.
You learn spells naturally, not from books.
Your magical power is your life essence.
You have superior vitality. (+4 MHP)


Message History

Press: ? - help, Shift-Dir - straight line, f/p - water moccasin zombie
Aim: a water moccasin zombie (heavily damaged)
You freeze the water moccasin zombie.
The water moccasin zombie resists.
The water moccasin zombie is severely damaged.
The water moccasin zombie bites you. The killer bee zombie misses you.
The water moccasin zombie barely misses you.
Casting: Freeze (safe; 3% risk of failure)
Confirm with . or Enter, or press ? or * to list all spells.
Aiming: Freeze (safe; 3% risk of failure)
Press: ? - help, Shift-Dir - straight line, f/p - water moccasin zombie
Aim: a water moccasin zombie (severely damaged)
You freeze the water moccasin zombie but do no damage.
The water moccasin zombie completely resists.
The killer bee zombie misses you.
The killer bee zombie barely misses you.
The water moccasin zombie bites you but does no damage.
A centaur zombie comes into view.
Casting: Freeze (safe; 3% risk of failure)
Confirm with . or Enter, or press ? or * to list all spells.
Aiming: Freeze (safe; 3% risk of failure)
Press: ? - help, Shift-Dir - straight line, f/p - water moccasin zombie
Aim: a water moccasin zombie (severely damaged)
You freeze the water moccasin zombie.
The water moccasin zombie resists.
The water moccasin zombie is severely damaged.
The killer bee zombie hits you.
The water moccasin zombie bites you but does no damage.
The killer bee zombie closely misses you.
Casting: Freeze (safe; 3% risk of failure)
Confirm with . or Enter, or press ? or * to list all spells.
Aiming: Freeze (safe; 3% risk of failure)
Press: ? - help, Shift-Dir - straight line, f/p - water moccasin zombie
Aim: a water moccasin zombie (severely damaged)
You freeze the water moccasin zombie.
The water moccasin zombie resists.
The water moccasin zombie is severely damaged.
The killer bee zombie misses you.
The water moccasin zombie bites you but does no damage.
The killer bee zombie hits you.
* * * LOW HITPOINT WARNING * * *
The killer bee zombie hits you.
You die...

### #####
#.'.#...#
#.'.Z.#
#≈.≈≈#ZZ@#
#≈≈#≈
##### # #.
#


You could see a water moccasin zombie, a killer bee zombie and a centaur zombie.

Vanquished Creatures
  4 mummies (Ossuary)
  A gnoll (D:1)
  An adder (D:2)
  A worm (D:3)
  2 dart slugs
  An endoplasm (D:1)
  3 giant cockroaches (D:1)
  3 goblins
  4 hobgoblins
  A quokka (D:2)
  2 ball pythons (D:1)
  7 bats (D:1)
  7 frilled lizards
  2 kobolds (D:1)
  7 rats
46 creatures vanquished.

Vanquished Creatures (others)
  9 withered plants (Ossuary)
9 creatures vanquished.

Grand Total: 55 creatures vanquished

Notes
Turn   | Place    | Note
-------+----------+-------------------------------------------
     0 | D:1      | 101zpm the Djinni Ice Elementalist began the quest for the
                  | Orb.
     0 | D:1      | Reached XP level 1. HP: 15/15 MP: 0/0
    62 | D:1      | Reached XP level 2. HP: 8/21 MP: 0/0
   535 | D:1      | Reached XP level 3. HP: 19/25 MP: 0/0
   535 | D:1      | Learned a level 1 spell: Shock
   676 | D:1      | Reached skill level 4 in Spellcasting
   955 | D:1      | Found a faded altar of an unknown god.
  1054 | D:2      | Identified the +0 leather armour "Iteoc" {rF+ Dex+4 Stlth+}
  1240 | D:2      | Reached XP level 4. HP: 23/31 MP: 0/0
  1313 | D:2      | Noticed Terence
  1866 | D:4      | Found a sand-covered staircase.
  1876 | Ossuary  | Entered an ossuary
  1890 | Ossuary  | Reached XP level 5. HP: 26/35 MP: 0/0
  1890 | Ossuary  | Learned a level 2 spell: Poisonous Vapours
  2002 | Ossuary  | Slain by a killer bee zombie

Illustrated notes

Levels and vault maps discovered:
D:1:      mrwooster_arrival_statue, layout_rooms,
          shapermc_ecumenical_altar_mp_vishouse
D:2:      layout_rooms, uniq_terence
D:3:      layout_loops_ring, minivault_14, kennysheep_path_1,
          serial_park_tiny_2, minmay_ogre_servants, uniq_natasha, uniq_jessica,
          uniq_robin
D:4:      layout_loops_ring, nicolae_ossuary_entry_ruins, portal_sewer_entry_e,
          kennysheep_small_circle, uniq_crazy_yiuf_cottage, uniq_blork_the_orc
Ossuary:  ossuary_zaba_flooded

Skill      XL: |  1  2  3 |
---------------+----------+-----
Spellcasting   | 4 |  4.6
Armour         | |  0.9
Dodging        | |  2.9
Stealth        | |  1.6

Action                   |  1- 3 |  4- 6 || total
-------------------------+-------+-------++-------
Melee: Unarmed           |     1 |     7 ||     8
 Cast: Freeze            |    56 |     7 ||    63
       Shock             |       |    38 ||    38
  Use: Scroll            |       |     1 ||     1
Armor: Robe              |     4 |       ||     4
       Leather armour    |     2 |    11 ||    13
Dodge: Dodged            |    21 |    19 ||    40
